AoeStats
← kivarmicz

Arena

509663955Analyzed
4v4 RM · 4d ago on Sep 27, 2026· 44m 15s· 8 players
Game mode
Random Map
Map size
Large (8 player)
Population
200
Speed
Normal
Resources
Standard
Victory
Conquest
Starting age
Dark Age
Ending age
Imperial Age
RankedLock teamsTeams togetherTeam positionsShared explorationLock speedFull tech treeHidden civsTurbo modeCheats
Victory
Defeat
🇨🇿 Varangians · Czechia
1735
+8
🇸🇰 Saxons · Slovakia
1681
+10
🇨🇿 Vietnamese · Czechia
1674
+10
🇩🇪 Dravidians · Germany
1424
+19
🇨🇳 Vikings · China
1591
-14
🇭🇰 Mongols · Hong Kong SAR China
1572
-13
1488
-10
🇨🇳 Persians · China
1481
-10
yesila
10:27 Feudal Age
11:36 Double-Bit Axe
14:35 Castle Age
12:48 Horse Collar
14:54 Gold Mining
16:25 Bow Saw
20:11 Scale Mail Armor
20:43 Squires
20:54 Forging
22:43 Chain Mail Armor
23:54 Stone Mining
24:43 Gold Shaft Mining
28:25 Iron Casting
29:06 Arson
30:58 Heavy Plow
31:34 Stone Mining
34:21 Fortified Wall
38:06 Imperial Age
36:40 Loom
38:32 Ballistics
39:58 Two-Man Saw
39:06 Heavy Scorpion
40:48 Chemistry
40:13 Conscription
Yucatan_water_supremacy
5:32 Loom
8:59 Feudal Age
9:38 Town Watch
10:58 Fletching
32:50 Castle Age
33:29 Bodkin Arrow
34:40 Guard Tower
36:05 Wheelbarrow
35:40 Double-Bit Axe
35:36 Horse Collar
36:54 Bow Saw
秦墨子
11:05 Feudal Age
12:28 Wheelbarrow
14:52 Castle Age
13:25 Double-Bit Axe
13:22 Horse Collar
15:43 Hand Cart
15:49 Loom
21:39 Bow Saw
23:43 Heavy Plow
25:09 Gold Mining
26:25 Gold Shaft Mining
29:04 Imperial Age
26:46 Stone Mining
28:08 Forging
28:04 Scale Barding Armor
28:49 Husbandry
28:59 Bloodlines
29:04 Town Watch
29:58 Stone Shaft Mining
28:51 Cavalier
30:31 Iron Casting
30:17 Chain Barding Armor
30:40 Savar
32:25 Blast Furnace
32:12 Crop Rotation
33:09 Plate Barding Armor
33:57 Light Cavalry
35:23 Conscription
37:40 Chemistry
37:00 Ballistics
37:58 Elite Skirmisher
38:43 Thumb Ring
38:11 Hussar
39:03 Fletching
39:13 Padded Archer Armor
39:06 Crossbowman
40:08 Bodkin Arrow
40:19 Kamandaran
大庆Song
8:20 Loom
11:07 Feudal Age
12:22 Double-Bit Axe
14:58 Castle Age
12:49 Horse Collar
15:09 Stone Mining
17:51 Heavy Plow
24:50 Wheelbarrow
24:31 Bow Saw
24:34 Fletching
25:12 Bodkin Arrow
27:17 Gold Mining
30:59 Imperial Age
28:57 Padded Archer Armor
29:56 Hand Cart
31:52 Siege Engineers
31:48 Bracer
32:13 Masonry
33:04 Chemistry
32:43 Conscription
34:59 Hoardings
34:32 Nomads
37:12 Light Cavalry
38:02 Bloodlines
37:53 Husbandry
38:04 Forging
38:00 Scale Barding Armor
kivarmicz
10:30 Feudal Age
11:31 Double-Bit Axe
14:19 Castle Age
12:03 Horse Collar
14:27 Light Cavalry
15:26 Bow Saw
20:46 Wheelbarrow
22:12 Heavy Plow
22:34 Hand Cart
22:39 Heavy Plow
23:45 Gold Mining
25:14 Gold Shaft Mining
28:35 Imperial Age
25:51 Loom
26:41 Scale Mail Armor
26:51 Forging
26:42 Squires
26:27 Gambesons
27:45 Chain Mail Armor
28:57 Iron Casting
28:13 Town Watch
28:43 Shield Wall
28:58 Elite Varangian Guard
30:31 Plate Mail Armor
30:05 Arson
31:10 Conscription
32:32 Iron Casting
31:22 Capped Ram
32:27 Caravan
33:03 Fletching
32:56 Siege Ram
33:54 Bodkin Arrow
33:30 Pikeman
34:40 Halberdier
35:58 Coinage
36:34 Bracer
37:18 Guard Tower
37:38 Arrowslits
38:37 Banking
39:03 Keep
40:11 Chemistry
39:33 Ballistics
42:01 Masonry
42:53 Chemistry
42:05 Murder Holes
42:23 Fortified Wall
43:24 Treadmill Crane
43:53 Siege Engineers
eraycoskun33
10:42 Feudal Age
14:34 Castle Age
12:32 Double-Bit Axe
13:56 Horse Collar
15:34 Bow Saw
17:11 Wheelbarrow
19:47 Loom
21:00 Fletching
22:03 Bodkin Arrow
24:42 Padded Archer Armor
28:08 Wheelbarrow
27:18 Town Watch
27:56 Ballistics
29:08 Thumb Ring
32:15 Imperial Age
31:06 Thumb Ring
33:24 Hand Cart
33:11 Bracer
33:36 Elite Elephant Archer
36:28 Wootz Steel
35:57 Siege Elephant
38:14 Leather Archer Armor
38:00 Scale Mail Armor
38:10 Forging
41:07 Ring Archer Armor
42:13 Chemistry
41:24 Masonry
41:09 Murder Holes
40:59 Onager
42:15 Heavy Scorpion
42:16 Siege Onager
42:55 Spies/Treason
Leres
9:56 Feudal Age
9:21 Loom
10:08 Man-at-Arms
11:20 Double-Bit Axe
11:39 Scale Mail Armor
12:01 Horse Collar
14:53 Wheelbarrow
15:41 Forging
19:58 Castle Age
17:52 Arson
20:07 Long Swordsman
21:16 Chain Mail Armor
35:52 Bow Saw
37:33 Hand Cart
37:42 Heavy Plow
39:12 Squires
39:30 Gambesons
41:30 Iron Casting
42:11 Town Watch
Rank
11:08 Feudal Age
15:41 Castle Age
13:34 Horse Collar
13:47 Double-Bit Axe
17:04 Bow Saw
17:33 Wheelbarrow
20:58 Stone Mining
22:27 Gold Mining
22:54 Loom
23:47 Hand Cart
24:44 Heavy Plow
25:20 Stone Shaft Mining
28:30 Imperial Age
26:44 Ballistics
26:15 Fletching
26:42 Thumb Ring
27:03 Bodkin Arrow
27:14 Padded Archer Armor
27:36 Town Watch
28:59 Chatras
30:10 Chemistry
29:18 Bracer
29:50 Leather Archer Armor
30:10 Siege Engineers
29:42 Elite Rattan Archer
32:50 Two-Man Saw
32:59 Ring Archer Armor
34:09 Careening
38:23 Siege Engineers
39:50 Paper Money
Connection lost

Rejoining the realm…

Still unreachable

The connection could not be restored.

Session expired

The server has moved on; the page needs a fresh start.